 Dungeon Crawl Stone Soup version 0.23.2 (webtiles) character file.

Game seed: 11402425298415914795

205 Peloso the Slasher (level 5, -2/47 HPs)
             Began as a Minotaur Fighter on Apr 8, 2019.
             Slain by Sigmund
             ... wielding a +0 scythe
              (3 damage)
             ... on level 3 of the Dungeon.
             The game lasted 00:04:38 (2157 turns).

Peloso the Slasher (Minotaur Fighter)               Turns: 2157, Time: 00:04:40

Health: -2/47      AC: 10    Str: 21    XL:     5   Next: 53%
Magic:  4/4        EV:  6    Int:  5    God:
Gold:   72         SH:  0    Dex: 10    Spells: 4/4 levels left

rFire    . . .     SeeInvis .   a - +0 long sword
rCold    . . .     Gourm    .   c - +0 shield
rNeg     . . .     Faith    .   n - +0 chain mail
rPois    .         Spirit   .   (helmet restricted)
rElec    .         Reflect  .   (no cloak)
rCorr    .         Harm     .   o - +0 pair of gloves
MR       .....                  (no boots)
Stlth    ..........             (no amulet)
HPRegen  0.15/turn              (no ring)
MPRegen  0.09/turn              (no ring)

@: confused
A: retaliatory headbutt, horns 2
a: no special abilities


You were on level 3 of the Dungeon.
You were not hungry.

You visited 1 branch of the dungeon, and saw 3 of its levels.

You collected 72 gold pieces.

Inventory:

Hand Weapons
 a - a +0 long sword (weapon)
Armour
 b - a +0 scale mail
 c - a +0 shield (worn)
 n - a +0 chain mail (worn)
 o - a +0 pair of gloves (worn)
Scrolls
 e - 3 scrolls of magic mapping {unknown}
 g - a scroll of amnesia {unknown}
 i - 3 scrolls of remove curse {unknown}
 j - a scroll of teleportation {unknown}
 m - a scroll of immolation {unknown}
 p - a scroll of fear {unknown}
 q - a scroll of enchant weapon {unknown}
Potions
 d - a potion of might
 h - a potion of lignification {unknown}
 k - 2 potions of flight {unknown}
 l - 3 potions of curing {unknown}
 r - a potion of agility {unknown}
Comestibles
 f - 7 rations


   Skills:
 + Level 4.3 Fighting
 + Level 5.0 Long Blades
 + Level 4.8 Armour
 + Level 0.8 Dodging
 + Level 4.4 Shields


You had 4 spell levels left.
You didn't know any spells.
Your spell library contained the following spells:

 Spells                   Type           Power        Failure   Level  Hunger
 Animate Skeleton         Necr           N/A          100%        1    ##.....
 Apportation              Tloc           #.....       100%        1    ##.....
 Confusing Touch          Hex            #.....       100%        1    ##.....
 Summon Small Mammal      Summ           #...         100%        1    ##.....


Dungeon Overview and Level Annotations

Branches:
Dungeon (3/15)

Altars:
Fedhas

Annotations:
D:3 Sigmund


Innate Abilities, Weirdness & Mutations

You reflexively headbutt those who attack you in melee.
You have a pair of horns on your head.


Message History

You headbutt the phantom.
You hear some strange, mumbled words.
Something tries to affect you, but you resist.
Your shield and chain mail prevent you from hitting something.
The phantom blinks!
Something hits you!
* * * LOW HITPOINT WARNING * * *
Unknown command.
You miss something. Something hits you.
* * * LOW HITPOINT WARNING * * *
Unknown command.
Okay, then.
Your chain mail prevents you from hitting something.
You block the phantom's attack.
You barely miss something. Your headbutt misses something.
You hear some strange, mumbled words.
You are confused.
The phantom hits you.
* * * LOW HITPOINT WARNING * * *
Something hits you.
You die...

### #.. ####### #.#
###{....# #.# #.@.###.#
#.# #....W..##.# #..
.[..)....#.##.# #.#
######.#.#.##.#########.#
##...###...........#
##.## ###########.> #.#
####### #.# .......
#######


You could see a phantom.

Vanquished Creatures
  Jessica (D:3)
  Natasha (thrice) (D:3)
  4 adders
  4 worms
  2 dart slugs (D:1)
  A leopard gecko (D:2)
  4 bats
  3 giant cockroaches (D:2)
  4 goblins
  7 hobgoblins
  2 jackals (D:2)
  A quokka (D:2)
  7 frilled lizards
  7 kobolds
  10 rats
60 creatures vanquished.

Notes
Turn   | Place    | Note
-------+----------+-------------------------------------------
     0 | D:1      | Peloso the Minotaur Fighter began the quest for the Orb.
     0 | D:1      | Reached XP level 1. HP: 19/19 MP: 0/0
   210 | D:1      | Reached XP level 2. HP: 18/27 MP: 1/1
   491 | D:1      | Reached skill level 3 in Long Blades
   776 | D:2      | Reached XP level 3. HP: 29/33 MP: 2/2
  1094 | D:2      | Found a blossoming altar of Fedhas.
  1364 | D:2      | Reached XP level 4. HP: 36/40 MP: 3/3
  1738 | D:3      | Noticed Natasha
  1744 | D:3      | Killed Natasha
  1744 | D:3      | Reached skill level 4 in Long Blades
  1752 | D:3      | Noticed Natasha
  1755 | D:3      | Killed Natasha
  1758 | D:3      | Reached XP level 5. HP: 40/46 MP: 4/4
  1761 | D:3      | Noticed Natasha
  1774 | D:3      | Killed Natasha
  2071 | D:3      | Noticed Jessica
  2075 | D:3      | Killed Jessica
  2075 | D:3      | Reached skill level 5 in Long Blades
  2136 | D:3      | Noticed Sigmund
  2137 | D:3      | Noticed a phantom
  2157 | D:3      | HP: 1/47 [phantom (4)]
  2157 | D:3      | Slain by Sigmund

Skill      XL: |  1  2  3  4  5 |
---------------+----------------+-----
Long Blades    | 3 4 5 |  5.0
Armour         | 4 |  4.8
Fighting       | 4 |  4.3
Shields        | 4 |  4.4
Dodging        | |  0.8

Action                   |  1- 3 |  4- 6 || total
-------------------------+-------+-------++-------
Melee: Long sword        |   105 |    54 ||   159
       Headbutt          |    14 |     7 ||    21
  Eat: Chunk             |     2 |     2 ||     4
Armor: Scale mail        |    31 |       ||    31
       Chain mail        |    27 |    29 ||    56
Dodge: Dodged            |    30 |    19 ||    49
Block: Shield            |    67 |    21 ||    88
       Rpst.: Long sword |    10 |     3 ||    13
